| TOP OF THE 1ST |
|
Palm Beach Nationals batting - Pitching for Kelowna Heat : RHP George Kellum
|
|
Pitching: RHP George Kellum
|
|
|
Batting: RHB Bobby Bricker
|
0-0: Ball 1-0: Ball 2-0: Called Strike 2-1: Ball 3-1: Called Strike 3-2: Fly out, F9 (Flyball, 89S, EV 88.1 MPH)
|
|
Batting: RHB Antonio Vallez
|
0-0: Called Strike 0-1: Ball 1-1: Ball 2-1: Foul Ball, location: 2F 2-2: Strikes out swinging
|
|
Batting: RHB Steve Bauman
|
0-0: Ball 1-0: Foul Ball, location: 2F 1-1: Fly out, F7 (Flyball, 7S, EV 88.8 MPH)
|
| Top of the 1st over - 0 runs, 0 hits, 0 errors, 0 left on base; Palm Beach 0 - Kelowna 0 |
| BOTTOM OF THE 1ST |
|
Kelowna Heat batting - Pitching for Palm Beach Nationals : LHP Manny Ruiz
|
|
Pitching: LHP Manny Ruiz
|
|
|
Batting: RHB Miguel Gonzalez
|
0-0: Called Strike 0-1: Ball 1-1: Swinging Strike 1-2: Strikes out swinging
|
|
Batting: RHB Sadataka Kuwahara
|
0-0: Called Strike 0-1: Called Strike 0-2: Strikes out looking
|
|
Batting: LHB Chris West
|
0-0: Foul Ball, location: 2F 0-1: Ball 1-1: Called Strike 1-2: Ball 2-2: Ball 3-2: Foul Ball, location: 2F 3-2: Base on Balls
|
|
Batting: RHB Billy Pranger
|
0-0: SINGLE (Line Drive, 8LS, EV 98.1 MPH) Chris West to second
|
|
Batting: LHB Steve Nevis
|
0-0: Ball 1-0: Called Strike 1-1: Fielders Choice at 2nd, 6-4 (Groundball, 6, EV 92.5 MPH)
|
| Bottom of the 1st over - 0 runs, 1 hit, 0 errors, 2 left on base; Palm Beach 0 - Kelowna 0 |
| TOP OF THE 2ND |
|
Palm Beach Nationals batting - Pitching for Kelowna Heat : RHP George Kellum
|
|
Batting: RHB Gabe Almazan
|
0-0: SINGLE (Groundball, 4M, EV 106.2 MPH) (infield hit)
|
|
Batting: RHB Lamar Thornton
|
0-0: Foul Ball, location: 2F 0-1: Foul Ball, location: 2F 0-2: Strikes out swinging
|
|
Batting: RHB Justin Davenport
|
0-0: Called Strike 0-1: Called Strike 0-2: Fielders Choice at 2nd, 6-4 (Groundball, 6M, EV 103.1 MPH)
|
|
Batting: RHB Jelexiz Cuenca
|
0-0: Fly out, F7 (Flyball, 7D, EV 75.0 MPH)
|
| Top of the 2nd over - 0 runs, 1 hit, 0 errors, 1 left on base; Palm Beach 0 - Kelowna 0 |
| BOTTOM OF THE 2ND |
|
Kelowna Heat batting - Pitching for Palm Beach Nationals : LHP Manny Ruiz
|
|
Batting: RHB Malik Sharpless
|
0-0: Swinging Strike 0-1: Ball 1-1: Ball 2-1: Ball 3-1: Foul Ball, location: 2F 3-2: SINGLE (Groundball, 6D, EV 95.6 MPH)
|
|
Batting: RHB Josh Truell
|
0-0: SINGLE (Groundball, 6MD, EV 105.6 MPH) Malik Sharpless to second Runner from 2nd tries for 3rd, SAFE, throw by CF made to third
|
|
Batting: LHB Takaaki Nishimoto
|
0-0: Called Strike 0-1: Swinging Strike 0-2: Ball 1-2: Foul Ball, location: 2F 1-2: Strikes out swinging
|
|
Batting: RHB Dave Putnam
|
0-0: Fly out, F8 (Flyball, 78D, EV 100.0 MPH) Runner from 3rd tags up, SCORES, no throw by CF
|
|
Batting: RHB Miguel Gonzalez
|
0-0: Ball 1-0: Called Strike 1-1: Swinging Strike 1-2: Foul Ball, location: 2F 1-2: Foul Ball, location: 2F 1-2: Foul Ball, location: 2F 1-2: SINGLE (Flyball, 89S, EV 90.6 MPH) Josh Truell to second Runner from 2nd tries for 3rd, SAFE, throw by RF made to third
|
|
Batting: RHB Sadataka Kuwahara
|
0-0: Ball 1-0: Foul Ball, location: 2F 1-1: Ball 2-1: Ball 3-1: Foul Ball, location: 2F 3-2: Base on Balls Miguel Gonzalez to second
|
|
Batting: LHB Chris West
|
0-0: Ground out 4-3 (Groundball, 4, EV 105.0 MPH)
|
| Bottom of the 2nd over - 1 run, 3 hits, 0 errors, 3 left on base; Palm Beach 0 - Kelowna 1 |
| TOP OF THE 3RD |
|
Palm Beach Nationals batting - Pitching for Kelowna Heat : RHP George Kellum
|
|
Batting: RHB Dave Burwell
|
0-0: Called Strike 0-1: Fly out, F8 (Line Drive, 8RD, EV 92.5 MPH)
|
|
Batting: RHB Steve Kunselman
|
0-0: Ball 1-0: Called Strike 1-1: Called Strike 1-2: Strikes out looking
|
|
Batting: RHB Bobby Bricker
|
0-0: Ball 1-0: Called Strike 1-1: Ball 2-1: Ball 3-1: Base on Balls
|
|
Batting: RHB Antonio Vallez
|
0-0: Ball 1-0: Swinging Strike 1-1: Ball Passed Ball! Bobby Bricker to second 2-1: Ball 3-1: Base on Balls
|
|
Batting: RHB Steve Bauman
|
0-0: Swinging Strike 0-1: Ball 1-1: Swinging Strike 1-2: 3-RUN HOME RUN (Flyball, 7D, EV 95.0 MPH), Distance : 377 ft
|
|
Batting: RHB Gabe Almazan
|
0-0: Ball 1-0: Swinging Strike 1-1: Ground out 6-3 (Groundball, 6, EV 90.6 MPH)
|
| Top of the 3rd over - 3 runs, 1 hit, 0 errors, 0 left on base; Palm Beach 3 - Kelowna 1 |
| BOTTOM OF THE 3RD |
|
Kelowna Heat batting - Pitching for Palm Beach Nationals : LHP Manny Ruiz
|
|
Batting: RHB Billy Pranger
|
0-0: Called Strike 0-1: Ball 1-1: Foul Ball, location: 2F 1-2: Ground out 6-3 (Groundball, 56D, EV 97.5 MPH)
|
|
Batting: LHB Steve Nevis
|
0-0: Ball 1-0: Ball 2-0: Called Strike 2-1: Fly out, F7 (Flyball, 78D, EV 92.5 MPH)
|
|
Batting: RHB Malik Sharpless
|
0-0: Foul Ball, location: 2F 0-1: Foul Ball, location: 2F 0-2: Fly out, F7 (Flyball, 7, EV 78.1 MPH)
|
| Bottom of the 3rd over - 0 runs, 0 hits, 0 errors, 0 left on base; Palm Beach 3 - Kelowna 1 |
| TOP OF THE 4TH |
|
Palm Beach Nationals batting - Pitching for Kelowna Heat : RHP George Kellum
|
|
Batting: RHB Lamar Thornton
|
0-0: Ball 1-0: Ball 2-0: Ball 3-0: Base on Balls
|
|
Batting: RHB Justin Davenport
|
0-0: Called Strike 0-1: Fielders Choice at 2nd, 6-4 (Groundball, 6, EV 88.1 MPH)
|
|
Batting: RHB Jelexiz Cuenca
|
0-0: Called Strike 0-1: Ball 1-1: Foul Ball, location: 2F 1-2: Ball Passed Ball! Justin Davenport to second 2-2: Strikes out swinging
|
|
Batting: RHB Dave Burwell
|
0-0: Called Strike 0-1: Ball 1-1: Foul Ball, location: 2F 1-2: Foul Ball, location: 2F 1-2: Ball 2-2: Foul Ball, location: 2F 2-2: Foul Ball, location: 2F 2-2: Foul Ball, location: 2F 2-2: Strikes out looking
|
| Top of the 4th over - 0 runs, 0 hits, 0 errors, 1 left on base; Palm Beach 3 - Kelowna 1 |
| BOTTOM OF THE 4TH |
|
Kelowna Heat batting - Pitching for Palm Beach Nationals : LHP Manny Ruiz
|
|
Batting: RHB Josh Truell
|
0-0: Called Strike 0-1: Foul Ball, location: 2F 0-2: Strikes out swinging
|
|
Batting: LHB Takaaki Nishimoto
|
0-0: Called Strike 0-1: Ball 1-1: Foul Ball, location: 2F 1-2: Ground out U3 (Groundball, 3, EV 83.1 MPH)
|
|
Batting: RHB Dave Putnam
|
0-0: SINGLE (Groundball, 6MD, EV 99.4 MPH)
|
|
Batting: RHB Miguel Gonzalez
|
0-0: Ball 1-0: Foul Ball, location: 2F 1-1: Ball 2-1: Foul Ball, location: 2F 2-2: Ball 3-2: Foul Ball, location: 2F 3-2: Fly out, F3 (Popup, 3F, EV 80.0 MPH)
|
| Bottom of the 4th over - 0 runs, 1 hit, 0 errors, 1 left on base; Palm Beach 3 - Kelowna 1 |
| TOP OF THE 5TH |
|
Palm Beach Nationals batting - Pitching for Kelowna Heat : RHP George Kellum
|
|
Batting: RHB Steve Kunselman
|
0-0: SOLO HOME RUN (Line Drive, 78XD, EV 112.5 MPH), Distance : 437 ft
|
|
Batting: RHB Bobby Bricker
|
0-0: Called Strike 0-1: Ball 1-1: Ball 2-1: Foul Ball, location: 2F 2-2: Strikes out looking
|
|
Batting: RHB Antonio Vallez
|
0-0: Called Strike 0-1: Called Strike 0-2: Foul Ball, location: 2F 0-2: Hit by Pitch
|
|
Batting: RHB Steve Bauman
|
0-0: Ball 1-0: Called Strike 1-1: Fly out, F8 (Flyball, 8LS, EV 89.4 MPH)
|
|
Batting: RHB Gabe Almazan
|
0-0: Called Strike 0-1: Ball 1-1: Ball Passed Ball! Antonio Vallez to second 2-1: Ball 3-1: Fly out, F8 (Flyball, 8RD, EV 104.4 MPH)
|
| Top of the 5th over - 1 run, 1 hit, 0 errors, 1 left on base; Palm Beach 4 - Kelowna 1 |
| BOTTOM OF THE 5TH |
|
Kelowna Heat batting - Pitching for Palm Beach Nationals : LHP Manny Ruiz
|
|
Batting: RHB Sadataka Kuwahara
|
0-0: DOUBLE (Line Drive, 7LS, EV 108.1 MPH)
|
|
Batting: LHB Chris West
|
0-0: Ball 1-0: Ground out U3 (Groundball, 3, EV 81.9 MPH) Sadataka Kuwahara to third
|
|
Batting: RHB Billy Pranger
|
0-0: Ball 1-0: Foul Ball, location: 2F 1-1: Ball 2-1: Called Strike 2-2: Strikes out swinging
|
|
Batting: LHB Steve Nevis
|
0-0: Fly out, F7 (Line Drive, 7, EV 93.1 MPH)
|
| Bottom of the 5th over - 0 runs, 1 hit, 0 errors, 1 left on base; Palm Beach 4 - Kelowna 1 |
| TOP OF THE 6TH |
|
Palm Beach Nationals batting - Pitching for Kelowna Heat : RHP George Kellum
|
|
Pitching: LHP Sean Binns
|
|
|
Batting: RHB Lamar Thornton
|
0-0: Ball 1-0: SINGLE (Groundball, 5D, EV 95.6 MPH)
|
|
Batting: RHB Justin Davenport
|
0-0: Swinging Strike 0-1: Foul Ball, location: 2F 0-2: Strikes out swinging
|
|
Batting: RHB Jelexiz Cuenca
|
0-0: Ball 1-0: Ball 2-0: Called Strike 2-1: Ball 3-1: Base on Balls Lamar Thornton to second
|
|
Batting: RHB Dave Burwell
|
0-0: Called Strike 0-1: Ball 1-1: Foul Ball, location: 2F 1-2: Ball 2-2: Strikes out swinging
|
|
Batting: RHB Steve Kunselman
|
0-0: Ball 1-0: Fly out, F8 (Flyball, 8RD, EV 90.6 MPH)
|
| Top of the 6th over - 0 runs, 1 hit, 0 errors, 2 left on base; Palm Beach 4 - Kelowna 1 |
| BOTTOM OF THE 6TH |
|
Kelowna Heat batting - Pitching for Palm Beach Nationals : LHP Manny Ruiz
|
|
Batting: RHB Malik Sharpless
|
0-0: Fly out, F6 (Flyball, 56D, EV 88.8 MPH)
|
|
Batting: RHB Josh Truell
|
0-0: Ball 1-0: Ball 2-0: Foul Ball, location: 2F 2-1: Foul Ball, location: 2F 2-2: Strikes out swinging
|
|
Pitching: RHP Jessie Fisher
|
|
|
Batting: LHB Takaaki Nishimoto
|
0-0: Called Strike 0-1: Ball 1-1: Ball 2-1: Ball 3-1: Swinging Strike 3-2: DOUBLE (Flyball, 78XD, EV 101.2 MPH)
|
|
Batting: RHB Dave Putnam
|
0-0: Ball 1-0: Foul Ball, location: 2F 1-1: Ball 2-1: Swinging Strike 2-2: Fly out, F8 (Flyball, 78S, EV 91.2 MPH)
|
| Bottom of the 6th over - 0 runs, 1 hit, 0 errors, 1 left on base; Palm Beach 4 - Kelowna 1 |
| TOP OF THE 7TH |
|
Palm Beach Nationals batting - Pitching for Kelowna Heat : LHP Sean Binns
|
|
Pitching: RHP Ricky Fo
|
|
|
Batting: RHB Bobby Bricker
|
0-0: Ball 1-0: Foul Ball, location: 2F 1-1: Swinging Strike 1-2: Strikes out swinging
|
|
Batting: RHB Antonio Vallez
|
0-0: Ball 1-0: Swinging Strike 1-1: Foul Ball, location: 2F 1-2: Ball 2-2: Ball 3-2: Strikes out swinging, 2-3 out at first.
|
|
Batting: RHB Steve Bauman
|
0-0: Ball 1-0: Ground out 6-3 (Groundball, 6, EV 88.1 MPH)
|
| Top of the 7th over - 0 runs, 0 hits, 0 errors, 0 left on base; Palm Beach 4 - Kelowna 1 |
| BOTTOM OF THE 7TH |
|
Kelowna Heat batting - Pitching for Palm Beach Nationals : RHP Jessie Fisher
|
|
Batting: RHB Miguel Gonzalez
|
0-0: Ball 1-0: Called Strike 1-1: Ball 2-1: Fly out, F8 (Flyball, 8LM, EV 93.8 MPH)
|
|
Batting: RHB Sadataka Kuwahara
|
0-0: Ball 1-0: Ball 2-0: Called Strike 2-1: Ground out U3 (Groundball, 34, EV 83.8 MPH)
|
|
Batting: LHB Chris West
|
0-0: Called Strike 0-1: Ball 1-1: SINGLE (Groundball, 4MD, EV 110.0 MPH)
|
|
Batting: RHB Billy Pranger
|
0-0: Ball 1-0: Ball 2-0: Ball 3-0: Base on Balls Chris West to second
|
|
Batting: LHB Steve Nevis
|
0-0: Ball 1-0: Fielders Choice at 2nd, 5-4 (Groundball, 5, EV 85.0 MPH)
|
| Bottom of the 7th over - 0 runs, 1 hit, 0 errors, 2 left on base; Palm Beach 4 - Kelowna 1 |
| TOP OF THE 8TH |
|
Palm Beach Nationals batting - Pitching for Kelowna Heat : RHP Ricky Fo
|
|
Pitching: LHP Jimmy Heinecke
|
|
|
Batting: RHB Gabe Almazan
|
0-0: Called Strike 0-1: Ball 1-1: Foul Ball, location: 2F 1-2: Ball 2-2: Fly out, F4 (Popup, 4, EV 58.1 MPH)
|
|
Batting: RHB Lamar Thornton
|
0-0: Ball 1-0: Foul Ball, location: 2F 1-1: Ball 2-1: Foul Ball, location: 2F 2-2: Ball 3-2: Base on Balls
|
|
Batting: RHB Justin Davenport
|
0-0: Ball 1-0: Called Strike 1-1: Swinging Strike 1-2: Strikes out swinging
|
|
Batting: RHB Jelexiz Cuenca
|
0-0: Ball 1-0: Called Strike 1-1: Fly out, F9 (Flyball, 9D, EV 77.5 MPH)
|
| Top of the 8th over - 0 runs, 0 hits, 0 errors, 1 left on base; Palm Beach 4 - Kelowna 1 |
| BOTTOM OF THE 8TH |
|
Kelowna Heat batting - Pitching for Palm Beach Nationals : RHP Jessie Fisher
|
|
Batting: RHB Malik Sharpless
|
0-0: Called Strike 0-1: Ball 1-1: Foul Ball, location: 2F 1-2: Foul Ball, location: 2F 1-2: SOLO HOME RUN (Line Drive, 7LD, EV 96.9 MPH), Distance : 370 ft
|
|
Batting: RHB Josh Truell
|
0-0: Called Strike 0-1: Called Strike 0-2: Ground out 5-3 (Groundball, 56, EV 101.9 MPH)
|
|
Batting: LHB Takaaki Nishimoto
|
0-0: Ball 1-0: Fly out, F8 (Flyball, 8RD, EV 85.6 MPH)
|
|
Batting: RHB Dave Putnam
|
0-0: Called Strike 0-1: SOLO HOME RUN (Flyball, 7D, EV 103.1 MPH), Distance : 381 ft
|
|
Batting: RHB Miguel Gonzalez
|
0-0: Fly out, F9 (Line Drive, 9D, EV 92.5 MPH)
|
| Bottom of the 8th over - 2 runs, 2 hits, 0 errors, 0 left on base; Palm Beach 4 - Kelowna 3 |
| TOP OF THE 9TH |
|
Palm Beach Nationals batting - Pitching for Kelowna Heat : LHP Jimmy Heinecke
|
|
Pitching: RHP Jay Kouns
|
|
|
Batting: LHB Vince McLane
|
0-0: Called Strike 0-1: Called Strike 0-2: Strikes out swinging
|
|
Batting: RHB Steve Kunselman
|
0-0: Called Strike 0-1: Ball 1-1: Foul Ball, location: 2F 1-2: Ball 2-2: Fly out, F9 (Flyball, 89D, EV 80.6 MPH)
|
|
Batting: RHB Bobby Bricker
|
0-0: Foul Ball, location: 2F 0-1: SINGLE (Line Drive, 34D, EV 98.8 MPH)
|
|
Batting: RHB Antonio Vallez
|
0-0: Called Strike 0-1: Called Strike Bobby Bricker steals 2nd base 0-2: Strikes out swinging
|
| Top of the 9th over - 0 runs, 1 hit, 0 errors, 1 left on base; Palm Beach 4 - Kelowna 3 |
| BOTTOM OF THE 9TH |
|
Kelowna Heat batting - Pitching for Palm Beach Nationals : RHP Jessie Fisher
|
|
Batting: RHB Sadataka Kuwahara
|
0-0: Ball 1-0: SINGLE (Groundball, 25, EV 61.9 MPH) (infield hit)
|
|
Batting: LHB Chris West
|
0-0: Swinging Strike 0-1: Ball 1-1: Called Strike 1-2: Reached on error, E2 (Groundball, 2L, EV 65.0 MPH) Sadataka Kuwahara to third
|
|
Batting: RHB Billy Pranger
|
0-0: SINGLE (Line Drive, 9S, EV 100.0 MPH) Sadataka Kuwahara scores Chris West to third
|
|
Batting: LHB Steve Nevis
|
0-0: Called Strike 0-1: Fly out, F8 (Flyball, 78M, EV 85.0 MPH) Runner from 3rd tags up, OUT at HOME! 8-2 Billy Pranger to second
|
|
Batting: RHB Malik Sharpless
|
0-0: Called Strike 0-1: Ball 1-1: Ball 2-1: SINGLE (Groundball, 56D, EV 101.2 MPH) Billy Pranger to third Runner from 3rd tries for Home, SAFE, throw by LF to home
|
| Bottom of the 9th over - 2 runs, 3 hits, 1 error, 0 left on base; Palm Beach 4 - Kelowna 5 |
| |
|
Game Over ... Kelowna defeats Palm Beach, 5 to 4
|
|
|